[ AOE2 MATCH · #506531035 ]
UnrankedJurchens vs Khmer
Player's team · LOSS
Rival team · WIN
[ REPLAY ANALYSIS · EXTRACTED FROM THE RECORDED GAME ]
Feudal
8:29
Castle
26:06
Imperial
—
| APM avg | 88.1 |
| APM peak | 158 |
| eAPM avg | 48.4 |
| Villagers / military | 106 / 78 |
Focus
⚔️ 69.6% · 🌾 30.4%
Scout Cavalry ×66 · Iron Pagoda ×10 · Spearman ×2
Feudal
8:27
Castle
20:24
Imperial
—
| APM avg | 65.6 |
| APM peak | 100 |
| eAPM avg | 28.4 |
| Villagers / military | 79 / 49 |
Focus
⚔️ 36.2% · 🌾 63.8%
Cavalry Archer ×21 · Archer ×15 · Scout Cavalry ×4 · Monk ×3 · Knight ×3 · Battle Elephant ×3
Match map
Initial resources + every placement click. Lines = walls · curves = elevation contours. ◆ gold · ⬟ stone · ● berries · ✦ relic · ◌ wall gap
Your base· ✓ Closed at 26:06 · 49t walls · no gate
Oni.Kingstone's base· Open — 4t gap
Smoothed initial terrain · ◌ = detected wall gap · hover for details
Inputs per minute
— wR.Monoz - - Oni.Kingstone
Build order — wR.Monoz
First 150 of 294 actions detected
| 0:00 | Create | Villager (Male) |
| 0:00 | Create | Villager (Male) |
| 0:01 | Create | Villager (Male) |
| 0:01 | Build | House |
| 0:02 | Build | House |
| 0:05 | Create | Villager (Male) |
| 0:05 | Create | Villager (Male) |
| 1:29 | Create | Villager (Male) |
| 1:29 | Create | Villager (Male) |
| 1:59 | Create | Villager (Male) |
| 1:59 | Create | Villager (Male) |
| 2:14 | Create | Villager (Male) |
| 2:14 | Create | Villager (Male) |
| 2:22 | Build | Lumber Camp |
| 2:28 | Create | Villager (Male) |
| 2:28 | Create | Villager (Male) |
| 2:28 | Create | Villager (Male) |
| 2:46 | Create | Villager (Male) |
| 2:46 | Create | Villager (Male) |
| 2:57 | Create | Villager (Male) |
| 3:21 | Build | House |
| 3:24 | Build | House |
| 3:52 | Create | Villager (Male) |
| 3:52 | Create | Villager (Male) |
| 3:52 | Create | Villager (Male) |
| 4:09 | Create | Villager (Male) |
| 4:10 | Create | Villager (Male) |
| 4:10 | Create | Villager (Male) |
| 4:32 | Build | Mill |
| 5:14 | Create | Villager (Male) |
| 5:43 | Create | Villager (Male) |
| 6:19 | Research | Feudal Age |
| 6:19 | Research | Feudal Age |
| 7:04 | Build | House |
| 7:21 | Research | Loom |
| 7:21 | Create | Villager (Male) |
| 7:28 | Build | Barracks |
| 8:29 | Age | Feudal Age |
| 8:31 | Build | Stable |
| 8:33 | Create | Spearman |
| 8:33 | Create | Spearman |
| 8:42 | Build | Palisade Wall |
| 8:46 | Build | Palisade Wall |
| 8:57 | Create | Villager (Male) |
| 8:58 | Research | Double-Bit Axe |
| 8:58 | Research | Double-Bit Axe |
| 9:10 | Create | Villager (Male) |
| 9:14 | Create | Scout Cavalry |
| 9:15 | Create | Scout Cavalry |
| 9:25 | Build | Mill |
| 9:36 | Create | Scout Cavalry |
| 9:36 | Create | Scout Cavalry |
| 9:41 | Create | Villager (Male) |
| 9:42 | Create | Scout Cavalry |
| 9:47 | Build | House |
| 9:53 | Build | House |
| 9:54 | Build | House |
| 10:09 | Create | Villager (Male) |
| 10:26 | Build | House |
| 10:34 | Research | Horse Collar |
| 10:34 | Research | Horse Collar |
| 10:43 | Create | Villager (Male) |
| 10:43 | Create | Villager (Male) |
| 10:43 | Create | Villager (Male) |
| 10:49 | Build | Palisade Wall |
| 11:17 | Create | Villager (Male) |
| 11:18 | Create | Scout Cavalry |
| 11:20 | Build | House |
| 11:22 | Build | Farm |
| 11:28 | Create | Villager (Male) |
| 11:29 | Create | Villager (Male) |
| 11:29 | Create | Villager (Male) |
| 11:51 | Create | Villager (Male) |
| 12:01 | Build | Farm |
| 12:04 | Build | Farm |
| 12:05 | Build | Farm |
| 12:07 | Create | Scout Cavalry |
| 12:08 | Create | Scout Cavalry |
| 12:17 | Build | Palisade Gate |
| 12:17 | Build | Palisade Wall |
| 12:18 | Build | Palisade Wall |
| 12:19 | Build | Palisade Wall |
| 12:32 | Build | Farm |
| 12:40 | Create | Scout Cavalry |
| 12:40 | Create | Scout Cavalry |
| 12:43 | Create | Villager (Male) |
| 12:44 | Create | Villager (Male) |
| 12:50 | Build | House |
| 12:51 | Build | House |
| 12:59 | Create | Villager (Male) |
| 12:59 | Create | Villager (Male) |
| 13:00 | Create | Villager (Male) |
| 13:01 | Build | Farm |
| 13:05 | Build | Farm |
| 13:24 | Build | Farm |
| 13:26 | Create | Villager (Male) |
| 13:26 | Create | Villager (Male) |
| 13:38 | Build | Palisade Wall |
| 13:39 | Build | Palisade Wall |
| 13:43 | Create | Villager (Male) |
| 13:57 | Create | Villager (Male) |
| 13:58 | Build | Farm |
| 14:05 | Build | Farm |
| 14:25 | Create | Villager (Male) |
| 14:29 | Build | House |
| 14:33 | Build | Mining Camp |
| 14:37 | Create | Scout Cavalry |
| 14:37 | Create | Scout Cavalry |
| 14:44 | Create | Villager (Male) |
| 14:44 | Create | Villager (Male) |
| 14:48 | Build | Farm |
| 15:05 | Create | Villager (Male) |
| 15:10 | Create | Scout Cavalry |
| 15:15 | Build | Mining Camp |
| 15:25 | Build | Watch Tower |
| 15:27 | Create | Scout Cavalry |
| 15:27 | Create | Scout Cavalry |
| 15:35 | Create | Villager (Male) |
| 15:36 | Create | Villager (Male) |
| 15:48 | Build | Watch Tower |
| 15:57 | Build | Farm |
| 16:02 | Create | Villager (Male) |
| 16:38 | Create | Villager (Male) |
| 16:50 | Build | Palisade Wall |
| 16:51 | Build | Palisade Wall |
| 16:51 | Build | Palisade Wall |
| 16:51 | Build | Palisade Wall |
| 17:07 | Build | Watch Tower |
| 17:12 | Research | Bloodlines |
| 17:13 | Create | Villager (Male) |
| 17:16 | Build | Blacksmith |
| 17:46 | Create | Villager (Male) |
| 17:47 | Create | Scout Cavalry |
| 17:47 | Create | Villager (Male) |
| 17:47 | Create | Villager (Male) |
| 17:48 | Create | Villager (Male) |
| 17:55 | Build | Palisade Wall |
| 17:55 | Build | Palisade Wall |
| 17:55 | Build | Palisade Wall |
| 18:02 | Research | Scale Barding Armor |
| 18:02 | Research | Scale Barding Armor |
| 18:04 | Create | Scout Cavalry ×2 |
| 18:04 | Create | Scout Cavalry ×2 |
| 18:18 | Build | Farm |
| 18:18 | Build | Farm |
| 18:21 | Create | Villager (Male) |
| 18:21 | Create | Villager (Male) |
| 18:26 | Build | Palisade Wall |
| 18:35 | Build | Palisade Wall |
| 18:35 | Build | Palisade Wall |
Build order — Oni.Kingstone
First 150 of 255 actions detected
| 0:00 | Create | Villager (Male) |
| 0:00 | Create | Villager (Male) |
| 0:00 | Create | Villager (Male) |
| 0:02 | Build | House |
| 0:03 | Build | House |
| 0:15 | Create | Villager (Male) |
| 1:26 | Create | Villager (Male) |
| 1:49 | Build | Lumber Camp |
| 2:04 | Create | Villager (Male) |
| 2:14 | Create | Villager (Male) |
| 2:47 | Create | Villager (Male) |
| 3:01 | Create | Villager (Male) |
| 3:37 | Create | Villager (Male) |
| 3:55 | Build | House |
| 4:04 | Create | Villager (Male) |
| 4:15 | Build | Mill |
| 4:20 | Create | Villager (Male) |
| 4:50 | Create | Villager (Male) |
| 5:02 | Create | Villager (Male) |
| 5:14 | Create | Villager (Male) |
| 5:33 | Create | Villager (Male) |
| 5:52 | Research | Loom |
| 6:17 | Research | Feudal Age |
| 7:33 | Build | House |
| 7:39 | Create | Villager (Male) |
| 7:52 | Build | Palisade Wall |
| 7:52 | Build | Palisade Wall |
| 7:53 | Build | Palisade Wall |
| 7:54 | Build | Palisade Wall |
| 8:27 | Age | Feudal Age |
| 8:29 | Build | Stable |
| 8:31 | Research | Double-Bit Axe |
| 8:33 | Create | Villager (Male) |
| 8:45 | Research | Horse Collar |
| 8:57 | Build | Farm |
| 9:08 | Build | Mining Camp |
| 9:09 | Create | Scout Cavalry |
| 9:12 | Create | Villager (Male) |
| 9:25 | Build | Archery Range |
| 9:31 | Build | Palisade Wall |
| 9:37 | Create | Villager (Male) |
| 9:40 | Build | House |
| 9:45 | Create | Scout Cavalry |
| 9:45 | Create | Villager (Male) |
| 10:03 | Build | House |
| 10:07 | Build | Palisade Wall |
| 10:08 | Build | Palisade Wall |
| 10:15 | Build | Farm |
| 10:17 | Build | Farm |
| 10:20 | Create | Scout Cavalry |
| 10:20 | Create | Archer |
| 10:25 | Create | Villager (Male) |
| 10:43 | Build | Palisade Wall |
| 10:44 | Build | Palisade Wall |
| 10:47 | Build | Palisade Wall |
| 10:48 | Build | Palisade Wall |
| 10:48 | Build | Palisade Wall |
| 10:49 | Build | Palisade Wall |
| 10:49 | Build | Palisade Wall |
| 11:01 | Create | Villager (Male) |
| 11:05 | Build | Palisade Wall |
| 11:10 | Build | Mill |
| 11:12 | Create | Archer |
| 11:14 | Build | Farm |
| 11:19 | Build | Palisade Wall |
| 11:26 | Create | Archer |
| 11:47 | Create | Villager (Male) |
| 11:48 | Build | Palisade Wall |
| 11:49 | Build | Palisade Wall |
| 11:50 | Build | Palisade Wall |
| 11:52 | Build | Palisade Wall |
| 11:56 | Create | Archer |
| 12:03 | Build | Farm |
| 12:14 | Create | Villager (Male) |
| 12:15 | Create | Villager (Male) |
| 12:17 | Build | House |
| 12:23 | Build | Farm |
| 12:33 | Build | House |
| 12:40 | Build | Farm |
| 12:45 | Research | Horse Collar |
| 12:45 | Research | Horse Collar |
| 13:02 | Build | Farm |
| 13:08 | Create | Villager (Male) |
| 13:15 | Build | Farm |
| 13:19 | Create | Archer |
| 13:22 | Create | Villager (Male) |
| 13:31 | Build | Farm |
| 13:40 | Create | Villager (Male) |
| 13:49 | Build | Farm |
| 13:50 | Create | Villager (Male) |
| 13:54 | Create | Archer |
| 14:10 | Build | Farm |
| 14:17 | Create | Villager (Male) |
| 14:20 | Create | Archer |
| 14:29 | Build | House |
| 14:36 | Build | Farm |
| 14:40 | Create | Villager (Male) |
| 14:41 | Create | Archer |
| 14:58 | Build | House |
| 15:02 | Create | Villager (Male) |
| 15:11 | Build | Palisade Wall |
| 15:16 | Create | Archer |
| 15:24 | Build | Farm |
| 15:26 | Build | Farm |
| 15:41 | Create | Archer |
| 15:58 | Create | Villager (Male) |
| 16:06 | Build | Blacksmith |
| 16:08 | Build | House |
| 16:25 | Build | Market |
| 16:39 | Create | Villager (Male) |
| 16:48 | Build | Blacksmith |
| 16:49 | Build | Palisade Wall |
| 17:19 | Build | House |
| 17:21 | Build | Palisade Gate |
| 17:44 | Research | Castle Age |
| 17:44 | Research | Castle Age |
| 17:56 | Research | Fletching |
| 18:17 | Create | Archer |
| 18:34 | Build | Stable |
| 18:39 | Build | Mining Camp |
| 18:47 | Build | Mining Camp |
| 18:53 | Build | Palisade Wall |
| 19:07 | Build | Palisade Wall |
| 19:11 | Create | Scout Cavalry |
| 19:12 | Build | House |
| 19:15 | Build | House |
| 19:19 | Build | Watch Tower |
| 19:26 | Build | Palisade Wall |
| 20:09 | Build | House |
| 20:10 | Build | House |
| 20:11 | Build | House |
| 20:13 | Build | Palisade Wall |
| 20:14 | Build | Palisade Wall |
| 20:24 | Age | Castle Age |
| 20:30 | Build | House |
| 20:31 | Create | Villager (Male) |
| 20:36 | Create | Knight |
| 20:37 | Create | Knight |
| 20:59 | Research | Scale Barding Armor |
| 21:00 | Build | Lumber Camp |
| 21:07 | Create | Villager (Male) |
| 21:11 | Create | Villager (Male) |
| 21:35 | Create | Villager (Male) |
| 22:09 | Build | Town Center |
| 22:43 | Research | Crossbowman (upgrade) |
| 22:44 | Create | Villager (Male) |
| 22:47 | Build | House |
| 22:48 | Build | Palisade Wall |
| 22:55 | Create | Villager (Male) |
| 23:02 | Create | Archer |
Match timeline
| 7:28 | wR.Monoz · first_building Barracks |
| 7:52 | Oni.Kingstone · wall_segment Palisade Wall x1 |
| 7:52 | Oni.Kingstone · wall_segment Palisade Wall x1 |
| 7:53 | Oni.Kingstone · wall_segment Palisade Wall x1 |
| 7:54 | Oni.Kingstone · wall_segment Palisade Wall x1 |
| 8:27 | Oni.Kingstone · age_up feudal |
| 8:29 | Oni.Kingstone · first_building Stable |
| 8:29 | wR.Monoz · age_up feudal |
| 8:31 | wR.Monoz · first_building Stable |
| 8:42 | wR.Monoz · wall_segment Palisade Wall x1 |
| 8:46 | wR.Monoz · wall_segment Palisade Wall x1 |
| 9:25 | Oni.Kingstone · first_building Archery Range |
| 9:31 | Oni.Kingstone · wall_segment Palisade Wall x1 |
| 10:07 | Oni.Kingstone · wall_segment Palisade Wall x1 |
| 10:08 | Oni.Kingstone · wall_segment Palisade Wall x1 |
| 10:43 | Oni.Kingstone · wall_segment Palisade Wall x1 |
| 10:44 | Oni.Kingstone · wall_segment Palisade Wall x1 |
| 10:47 | Oni.Kingstone · wall_segment Palisade Wall x1 |
| 10:48 | Oni.Kingstone · wall_segment Palisade Wall x1 |
| 10:48 | Oni.Kingstone · wall_segment Palisade Wall x1 |
| 10:49 | Oni.Kingstone · wall_segment Palisade Wall x1 |
| 10:49 | Oni.Kingstone · wall_segment Palisade Wall x2 |
| 10:49 | wR.Monoz · wall_segment Palisade Wall x17 |
| 11:05 | Oni.Kingstone · wall_segment Palisade Wall x1 |
| 11:19 | Oni.Kingstone · wall_segment Palisade Wall x1 |
| 11:48 | Oni.Kingstone · wall_segment Palisade Wall x2 |
| 11:49 | Oni.Kingstone · wall_segment Palisade Wall x1 |
| 11:50 | Oni.Kingstone · wall_segment Palisade Wall x1 |
| 11:52 | Oni.Kingstone · wall_segment Palisade Wall x1 |
| 12:17 | wR.Monoz · wall_segment Palisade Wall x1 |
| 12:18 | wR.Monoz · wall_segment Palisade Wall x1 |
| 12:19 | wR.Monoz · wall_segment Palisade Wall x1 |
| 13:38 | wR.Monoz · wall_segment Palisade Wall x7 |
| 13:39 | wR.Monoz · wall_segment Palisade Wall x7 |
| 15:11 | Oni.Kingstone · wall_segment Palisade Wall x2 |
| 16:49 | Oni.Kingstone · wall_segment Palisade Wall x1 |
| 16:50 | wR.Monoz · wall_segment Palisade Wall x1 |
| 16:51 | wR.Monoz · wall_segment Palisade Wall x1 |
| 16:51 | wR.Monoz · wall_segment Palisade Wall x1 |
| 16:51 | wR.Monoz · wall_segment Palisade Wall x1 |
| 17:50 | Oni.Kingstone · first_market_sell 100 food |
| 17:55 | wR.Monoz · wall_segment Palisade Wall x1 |
| 17:55 | wR.Monoz · wall_segment Palisade Wall x1 |
| 17:55 | wR.Monoz · wall_segment Palisade Wall x1 |
| 18:26 | wR.Monoz · wall_segment Palisade Wall x1 |
| 18:35 | wR.Monoz · wall_segment Palisade Wall x1 |
| 18:35 | wR.Monoz · wall_segment Palisade Wall x1 |
| 18:36 | wR.Monoz · wall_segment Palisade Wall x1 |
| 18:36 | wR.Monoz · wall_segment Palisade Wall x1 |
| 18:53 | Oni.Kingstone · wall_segment Palisade Wall x3 |
| 19:07 | Oni.Kingstone · wall_segment Palisade Wall x3 |
| 19:26 | Oni.Kingstone · wall_segment Palisade Wall x1 |
| 20:03 | wR.Monoz · wall_segment Palisade Wall x1 |
| 20:13 | Oni.Kingstone · wall_segment Palisade Wall x1 |
| 20:14 | Oni.Kingstone · wall_segment Palisade Wall x1 |
| 20:24 | Oni.Kingstone · age_up castle |
| 21:48 | Oni.Kingstone · first_market_buy 100 stone |
| 22:48 | Oni.Kingstone · wall_segment Palisade Wall x1 |
| 24:33 | wR.Monoz · wall_segment Palisade Wall x1 |
| 24:44 | Oni.Kingstone · first_building Monastery |
| 25:01 | wR.Monoz · wall_segment Palisade Wall x1 |
| 26:06 | wR.Monoz · age_up castle |
| 26:13 | wR.Monoz · first_building Siege Workshop |
| 26:22 | Oni.Kingstone · wall_segment Palisade Wall x1 |
| 27:58 | wR.Monoz · wall_segment Stone Wall x10 |
| 28:04 | wR.Monoz · wall_segment Stone Wall x5 |
| 31:11 | Oni.Kingstone · first_building Siege Workshop |
| 31:55 | wR.Monoz · resign |
[ AI ANALYSIS · 1 CREDIT ]
What really happened in this match?
Wolo.gg analyzes every decision: build order, eco, micro, common mistakes by bracket. Personalized analysis on WhatsApp or Discord in 30 seconds.
Civ guide
Jurchens
Perfil
Jugador #6779041